[Event "France Jeunes Belfort 2017"]
[Site "Belfort"]
[Date "2017.04.16"]
[Round "3.1"]
[White "Djidjeli, Sarah"]
[Black "Rubsamen, Anais"]
[Result "0-1"]
[ECO "B06"]
[WhiteElo "1934"]
[BlackElo "1610"]
[PlyCount "148"]
[EventDate "2017.??.??"]
[TimeControl "6000+590"]
[WhiteClock "0:00:31"]
[BlackClock "0:00:58"]

1. e4 g6 2. Nc3 Bg7 3. d4 c6 4. Bc4 d5 5. exd5 b5 6. Bb3 b4 7. Nce2 cxd5 8. a3
bxa3 9. Rxa3 Nc6 10. Nf3 Bg4 11. Ba4 Bd7 12. O-O Nf6 13. Ne5 Qb6 14. Rb3 Qa6
15. Bb5 Qc8 16. Bxc6 Bxc6 17. Rc3 Ne4 18. Rxc6 Qb7 19. c4 Bxe5 20. dxe5 Qxc6
21. cxd5 Qc4 22. f3 Nc5 23. Bh6 Nd3 24. Qd2 Qxd5 25. Nc3 Qc4 26. b3 Qd4+ 27.
Be3 Qd7 28. Bh6 Nxe5 29. Qe3 Nc6 30. Rd1 Qe6 31. Ne4 Rd8 32. Rc1 Nd4 33. g4 Nb5
34. Bg7 Rg8 35. Bb2 Nd6 36. Rc6 h5 37. Ba3 hxg4 38. Bxd6 f5 39. Rc7 Rxd6 40.
Nxd6+ Qxd6 41. Rxa7 gxf3 42. Ra2 Qc6 43. Ra4 Kf7 44. Rc4 Qa8 45. Rc7 Qd8 46.
Rc1 Qd5 47. Re1 Qb7 48. Qe6+ Kf8 49. Rd1 Qb8 50. Rc1 Qa7+ 51. Kf1 Kg7 52. Rc6
Kh7 53. Rc4 Kg7 54. Qe5+ Kf7 55. Rc6 Qd7 56. Rc3 Qd1+ 57. Kf2 Qe2+ 58. Qxe2
fxe2 59. Rh3 Kf6 60. Kxe2 Rb8 61. Kd2 e5 62. Rc3 Rb4 63. Kd3 Rh4 64. Rc2 e4+
65. Kd4 e3+ 66. Kd3 Rb4 67. Rc3 f4 68. Ke2 Kf5 69. Kf3 g5 70. Rc5+ Kf6 71. Rc6+
Kg7 72. Rc5 Kg6 73. Kg4 Kf6 74. Rc6+ Ke5 0-1

[Event "France Jeunes Belfort 2017"]
[Site "Belfort"]
[Date "2017.04.16"]
[Round "3.1"]
[White "Lafortune, Emerick"]
[Black "Philippe, Guillaume"]
[Result "0-1"]
[ECO "E19"]
[WhiteElo "2111"]
[BlackElo "2307"]
[PlyCount "52"]
[EventDate "2017.??.??"]
[TimeControl "6000+535"]
[WhiteClock "0:42:28"]
[BlackClock "0:57:04"]

1. Nf3 Nf6 2. c4 e6 3. g3 a6 4. Bg2 b5 5. b3 Bb7 6. O-O c5 7. d4 cxd4 8. Qxd4
Nc6 9. Qb2 Be7 10. Nc3 bxc4 11. bxc4 Na5 12. Na4 Bc6 13. Qc2 Rc8 14. Bd2 Be4
15. Bxa5 Qxa5 16. Qb3 O-O 17. Rfc1 Rb8 18. Qd1 Ba3 19. Rc3 Bb2 20. Rac1 Bxc1
21. Rxc1 Rb4 22. Nc3 Bxf3 23. exf3 Rxc4 24. Ne2 Rxc1 25. Nxc1 Rc8 26. f4 Qa3
0-1

[Event "France Jeunes Belfort 2017"]
[Site "Belfort"]
[Date "2017.04.16"]
[Round "3.1"]
[White "Lomandong, Noela-Joyce"]
[Black "Lapeyre, Maeva"]
[Result "1-0"]
[ECO "A06"]
[WhiteElo "1987"]
[BlackElo "1604"]
[PlyCount "53"]
[EventDate "2017.??.??"]
[TimeControl "6000+1030"]
[WhiteClock "0:26:43"]
[BlackClock "0:05:02"]

1. Nf3 d5 2. g3 Nf6 3. Bg2 e6 4. c4 Be7 5. d4 O-O 6. Nc3 Nbd7 7. O-O dxc4 8. e4
b6 9. Qe2 Bb7 10. Re1 c5 11. d5 exd5 12. exd5 Re8 13. Qxc4 Qc7 14. Bf4 Qc8 15.
d6 Bf8 16. Ng5 Bxg2 17. Nxf7 Rxe1+ 18. Rxe1 g6 19. Kxg2 Qb8 20. Ne4 Kg7 21.
Bh6+ Kg8 22. Nfg5+ Kh8 23. Nf7+ Kg8 24. Bg5 b5 25. Qe6 Bg7 26. Nxf6+ Nxf6 27.
Nh6+ 1-0

[Event "France Jeunes Belfort 2017"]
[Site "Belfort"]
[Date "2017.04.16"]
[Round "3.1"]
[White "Motoyama, Enzo-Ryadh"]
[Black "Zachary, Matheo"]
[Result "1/2-1/2"]
[ECO "B32"]
[WhiteElo "1949"]
[BlackElo "2267"]
[PlyCount "87"]
[EventDate "2017.??.??"]
[TimeControl "6000+1095"]
[WhiteClock "0:18:36"]
[BlackClock "0:51:38"]

1. e4 c5 2. Nf3 Nc6 3. d4 cxd4 4. Nxd4 e5 5. Nb5 d6 6. c4 Be7 7. N1c3 a6 8. Na3
f5 9. exf5 Bxf5 10. Bd3 Be6 11. O-O Nf6 12. Nc2 O-O 13. b3 Rc8 14. Bb2 Kh8 15.
Ne3 b5 16. Ncd5 bxc4 17. bxc4 Nb8 18. Qd2 Nbd7 19. Bc3 Nxd5 20. cxd5 Bf7 21.
Ba5 Qe8 22. Bxa6 Ra8 23. Bb7 Ra7 24. Bc6 Bg5 25. Bb4 Qe7 26. Qe2 Nc5 27. Nf5
Qf6 28. Nxd6 Qxd6 29. Qc2 Be7 30. Rfc1 Bxd5 31. Qxc5 Qxc5 32. Bxc5 Bxc5 33.
Rxc5 Rxa2 34. Rxa2 Bxa2 35. Rxe5 Rc8 36. Re8+ Rxe8 37. Bxe8 Kg8 38. f4 Kf8 39.
Bc6 Ke7 40. Be4 h6 41. Kf2 Kf6 42. g3 g5 43. fxg5+ hxg5 44. Bd3 1/2-1/2

[Event "France Jeunes Belfort 2017"]
[Site "Belfort"]
[Date "2017.04.16"]
[Round "3.1"]
[White "Verhille, Elie"]
[Black "Popov, Konstantin"]
[Result "0-1"]
[ECO "B21"]
[WhiteElo "1765"]
[BlackElo "2026"]
[PlyCount "92"]
[EventDate "2017.??.??"]
[TimeControl "6000+575"]
[WhiteClock "0:40:11"]
[BlackClock "1:16:11"]

1. e4 c5 2. f4 d5 3. exd5 Nf6 4. Bb5+ Nbd7 5. c4 a6 6. Ba4 b5 7. cxb5 Nxd5 8.
Ne2 g6 9. Nbc3 N5b6 10. Bc2 Bb7 11. O-O Bg7 12. bxa6 Bxa6 13. Be4 Rc8 14. Re1
O-O 15. Nd5 Nxd5 16. Bxd5 e6 17. Bf3 c4 18. Rb1 Nc5 19. g3 Nd3 20. Rf1 Qb6+ 21.
Kg2 Rfd8 22. Ng1 Qa5 23. a3 Nxb2 24. Qe1 c3 25. dxc3 Bxc3 26. Qf2 Bd4 27. Be3
Bxf1+ 28. Rxf1 Bxe3 29. Qxe3 Nc4 30. Qb3 Nd2 31. Qb4 Qxb4 32. axb4 Nxf1 33.
Kxf1 Rb8 34. Ne2 Rxb4 35. Kf2 Rd2 36. Ke3 Rxe2+ 37. Bxe2 Kf8 38. Bf3 Ke7 39.
Be4 f5 40. Bd3 e5 41. fxe5 Ke6 42. h3 Kxe5 43. h4 Rb3 44. Kd2 Kd4 45. Bc2 Rxg3
46. h5 Rg2+ 0-1

[Event "France Jeunes Belfort 2017"]
[Site "Belfort"]
[Date "2017.04.16"]
[Round "3.1"]
[White "Viennot, Dylan"]
[Black "Caloone, Thomas"]
[Result "1/2-1/2"]
[ECO "A00"]
[WhiteElo "2263"]
[BlackElo "2149"]
[PlyCount "87"]
[EventDate "2017.??.??"]
[TimeControl "6000+1020"]
[WhiteClock "0:08:09"]
[BlackClock "0:07:57"]

1. Nc3 Nf6 2. d4 d5 3. Bf4 e6 4. Qd2 Bd7 5. e3 a6 6. Bd3 c5 7. dxc5 Bxc5 8. Nf3
Bc6 9. Ne5 Bd6 10. O-O Qc7 11. Nxc6 Nxc6 12. Bxd6 Qxd6 13. Qe2 O-O 14. Rfd1 Qb4
15. Rab1 Ne5 16. Qd2 Nxd3 17. cxd3 Rac8 18. Ne4 Qxd2 19. Nxf6+ gxf6 20. Rxd2 f5
21. d4 Rc4 22. Kf1 Rfc8 23. Ke2 Kf8 24. h3 h5 25. Kf3 Kg7 26. Rg1 Rc1 27. Rxc1
Rxc1 28. Kf4 Kf6 29. f3 b5 30. b3 a5 31. Rf2 a4 32. bxa4 bxa4 33. g4 fxg4 34.
fxg4 hxg4 35. Kxg4+ Kg6 36. h4 Rg1+ 37. Kf4 f6 38. Rb2 Kh5 39. Rb4 Kxh4 40. Kf3
Kg5 41. Rxa4 Kf5 42. Ra5 Rf1+ 43. Ke2 Ra1 44. Kf3 1/2-1/2

[Event "France Jeunes Belfort 2017"]
[Site "Belfort"]
[Date "2017.04.16"]
[Round "3.2"]
[White "Attard, Leopold"]
[Black "Travadon, Loic"]
[Result "0-1"]
[ECO "E16"]
[WhiteElo "2090"]
[BlackElo "2348"]
[PlyCount "82"]
[EventDate "2017.??.??"]
[TimeControl "6000+1400"]
[WhiteClock "0:01:05"]
[BlackClock "0:21:15"]

1. d4 Nf6 2. Nf3 e6 3. c4 Bb4+ 4. Bd2 Qe7 5. g3 Bxd2+ 6. Nbxd2 d6 7. e4 e5 8.
d5 O-O 9. b4 a5 10. a3 Na6 11. Rb1 c6 12. Bg2 cxd5 13. cxd5 Bd7 14. O-O axb4
15. axb4 Rfc8 16. Qb3 Qd8 17. Rfe1 Qb6 18. Nc4 Qc7 19. Nfd2 b5 20. Ne3 Ng4 21.
Nxg4 Bxg4 22. f4 f6 23. Nf1 Bd7 24. Ne3 Qb6 25. fxe5 fxe5 26. Kh1 Qd4 27. Red1
Rc3 28. Rxd4 Rxb3 29. Rxb3 exd4 30. Nd1 Rc8 31. Bf1 Rc1 32. Be2 Rc2 33. Bd3 Rd2
34. Nb2 Nc7 35. Bf1 Ne8 36. Nd3 Nf6 37. e5 Nxd5 38. exd6 Ne3 39. Nc5 Rd1 40.
Rxe3 dxe3 41. Kg2 Bc6+ 0-1

[Event "France Jeunes Belfort 2017"]
[Site "Belfort"]
[Date "2017.04.16"]
[Round "3.2"]
[White "Blanquet, Camille"]
[Black "Nguyen, Thao Nhi"]
[Result "0-1"]
[ECO "B00"]
[WhiteElo "1346"]
[BlackElo "1691"]
[PlyCount "62"]
[EventDate "2017.??.??"]
[TimeControl "6000+885"]
[WhiteClock "0:33:20"]
[BlackClock "0:18:24"]

1. e4 b6 2. d4 Bb7 3. Bd3 Nf6 4. Qe2 Nc6 5. Nf3 Nb4 6. Nc3 Nxd3+ 7. Qxd3 e6 8.
a3 Be7 9. O-O O-O 10. Ng5 h6 11. Nh3 d5 12. e5 Nd7 13. Qg3 Kh8 14. Nf4 Rg8 15.
Qh3 Bg5 16. Nh5 Bxc1 17. Raxc1 Qf8 18. f4 Rd8 19. f5 exf5 20. Rf4 a6 21. Re1 c5
22. dxc5 Nxc5 23. b4 Ne6 24. Rxf5 g6 25. Nf6 gxf5 26. Nxg8 Kxg8 27. Qxf5 Qg7
28. g3 Qg5 29. Qf2 d4 30. Ne2 Qxe5 31. Rf1 Ng5 0-1

[Event "France Jeunes Belfort 2017"]
[Site "Belfort"]
[Date "2017.04.16"]
[Round "3.2"]
[White "Boulart, Emilie"]
[Black "Rollot, Florence"]
[Result "1-0"]
[ECO "B22"]
[WhiteElo "1636"]
[BlackElo "1973"]
[PlyCount "110"]
[EventDate "2017.??.??"]
[TimeControl "6000+1095"]
[WhiteClock "0:02:56"]
[BlackClock "0:10:58"]

1. e4 c5 2. c3 d5 3. exd5 Qxd5 4. d4 Nf6 5. Nf3 Bg4 6. Be2 e6 7. Be3 cxd4 8.
cxd4 Nc6 9. Nc3 Qd6 10. O-O Be7 11. h3 Bh5 12. Qb3 O-O 13. Rfd1 Rfd8 14. Rac1
Qb4 15. Qxb4 Nxb4 16. g4 Bg6 17. Ne5 Rac8 18. Bf3 Nfd5 19. a3 Nxc3 20. Rxc3
Rxc3 21. bxc3 Nc2 22. a4 Nxe3 23. fxe3 Bc2 24. Rd2 Bxa4 25. Bxb7 Rb8 26. Ra2
Rxb7 27. Rxa4 Bg5 28. Kf2 Rb2+ 29. Kf3 f6 30. Nc4 Rb3 31. Ra3 Rxa3 32. Nxa3 Kf7
33. c4 Ke7 34. Ke4 a6 35. c5 Kd7 36. Nc4 Kc6 37. Nb6 a5 38. Kd3 Kb5 39. e4 Bf4
40. Kc3 Bg3 41. Nc4 e5 42. Na3+ Kc6 43. Nc4 exd4+ 44. Kxd4 Bf2+ 45. Kc3 Kxc5
46. Na3 Be1+ 47. Kd3 a4 48. Nc2 Bb4 49. Na1 a3 50. Nb3+ Kb5 51. Na1 a2 52. Kc2
Kc4 53. Kb2 Bc3+ 54. Kxa2 Bxa1 55. Kxa1 Kd4 1-0

[Event "France Jeunes Belfort 2017"]
[Site "Belfort"]
[Date "2017.04.16"]
[Round "3.2"]
[White "Cohen Revivo, Shoham"]
[Black "Decuigniere, Tom"]
[Result "1/2-1/2"]
[ECO "E21"]
[WhiteElo "2221"]
[BlackElo "1909"]
[PlyCount "40"]
[EventDate "2017.??.??"]
[TimeControl "6000+620"]
[WhiteClock "1:13:10"]
[BlackClock "0:40:22"]

1. d4 Nf6 2. c4 e6 3. Nf3 Bb4+ 4. Nc3 c5 5. e3 Bxc3+ 6. bxc3 b6 7. Bd3 Bb7 8.
O-O O-O 9. Rb1 d6 10. Re1 Ne4 11. Qc2 f5 12. Nd2 Qh4 13. Rf1 Nxd2 14. Qxd2 Bxg2
15. Kxg2 Qg4+ 16. Kh1 Qf3+ 17. Kg1 Qg4+ 18. Kh1 Qf3+ 19. Kg1 Qg4+ 20. Kh1 Qf3+
1/2-1/2

[Event "France Jeunes Belfort 2017"]
[Site "Belfort"]
[Date "2017.04.16"]
[Round "3.2"]
[White "Konate, Salma"]
[Black "Yuan, Beline"]
[Result "0-1"]
[ECO "C02"]
[WhiteElo "1562"]
[BlackElo "1845"]
[PlyCount "106"]
[EventDate "2017.??.??"]
[TimeControl "6000+950"]
[WhiteClock "0:00:33"]
[BlackClock "0:07:27"]

1. e4 e6 2. d4 d5 3. e5 c5 4. c3 Nc6 5. Nf3 Qb6 6. Be2 f6 7. O-O fxe5 8. Nxe5
Nf6 9. a3 Bd6 10. Nxc6 Qxc6 11. Be3 b6 12. Nd2 O-O 13. Nf3 Qc7 14. h3 Bd7 15.
Bd3 Rae8 16. Re1 Bc8 17. Bb1 Ba6 18. Bg5 Bb5 19. Ne5 cxd4 20. cxd4 Nd7 21. Qh5
h6 22. Qg6 Nxe5 23. Qh7+ Kf7 24. dxe5 hxg5 25. Bg6+ Ke7 26. exd6+ Kxd6 27. Bxe8
Bxe8 28. Rac1 Qf7 29. Qc2 Bb5 30. a4 Be8 31. Qe2 Qf5 32. Rc3 Rf6 33. Rf3 Qg6
34. Qe5+ Kd7 35. Rxf6 Qxf6 36. Qxf6 gxf6 37. b3 Kd6 38. f3 e5 39. Rc1 Bd7 40.
Kf2 d4 41. Ke2 Be6 42. b4 Bb3 43. a5 f5 44. axb6 axb6 45. Kd3 Kd5 46. Rc8 e4+
47. fxe4+ fxe4+ 48. Kd2 Bc4 49. Rg8 e3+ 50. Kd1 d3 51. Rxg5+ Kd4 52. Rg3 d2 53.
Rg4+ Kd3 0-1

[Event "France Jeunes Belfort 2017"]
[Site "Belfort"]
[Date "2017.04.16"]
[Round "3.2"]
[White "Laurent-Paoli, Louis"]
[Black "Roux, Baptiste"]
[Result "1-0"]
[ECO "B22"]
[WhiteElo "1749"]
[BlackElo "1934"]
[PlyCount "129"]
[EventDate "2017.??.??"]
[TimeControl "6000+1145"]
[WhiteClock "0:01:17"]
[BlackClock "0:11:05"]

1. e4 c5 2. c3 Nf6 3. e5 Nd5 4. d4 cxd4 5. cxd4 e6 6. Nf3 d6 7. exd6 Bxd6 8.
Nc3 Nc6 9. Nxd5 exd5 10. Bd3 Qe7+ 11. Qe2 Bb4+ 12. Bd2 O-O 13. Bxb4 Qxb4+ 14.
Qd2 Re8+ 15. Kd1 Bg4 16. Qxb4 Nxb4 17. Kd2 Nc6 18. Bb5 Re4 19. Bxc6 bxc6 20.
Rac1 Rc8 21. Kd3 Bxf3 22. gxf3 Rf4 23. Ke3 g5 24. Rhg1 Re8+ 25. Kd2 Rxd4+ 26.
Kc3 Rc4+ 27. Kd3 Rxc1 28. Rxc1 Re6 29. Rc5 Kf8 30. Ra5 Re7 31. Ra6 Rc7 32. Kd4
Ke7 33. Kc5 Ke6 34. b3 Ke5 35. Ra4 f5 36. Rb4 Rd7 37. Rd4 a5 38. a3 Rb7 39. b4
axb4 40. axb4 Rd7 41. Rd3 Rb7 42. Rd4 h5 43. h3 h4 44. Rd3 Rb5+ 45. Kxc6 Rxb4
46. Rxd5+ Kf4 47. Kd6 Rb6+ 48. Ke7 Rg6 49. Kf7 Rh6 50. Rc5 Ra6 51. Rd5 Ra2 52.
Kf6 Rxf2 53. Rxf5+ Kg3 54. Kxg5 Ra2 55. Re5 Kxh3 56. f4 Rg2+ 57. Kh5 Kg3 58.
Rg5+ Kxf4 59. Rxg2 h3 60. Ra2 Kg3 61. Ra3+ Kg2 62. Kg4 h2 63. Ra2+ Kg1 64. Kg3
h1=N+ 65. Kf3 1-0

[Event "France Jeunes Belfort 2017"]
[Site "Belfort"]
[Date "2017.04.16"]
[Round "3.2"]
[White "Laurent-Paoli, Pierre"]
[Black "Heliot, Xabi"]
[Result "1/2-1/2"]
[ECO "A45"]
[WhiteElo "2298"]
[BlackElo "2081"]
[PlyCount "62"]
[EventDate "2017.??.??"]
[TimeControl "6000+1915"]
[WhiteClock "0:03:31"]
[BlackClock "0:06:16"]

1. d4 Nf6 2. Bg5 e6 3. e4 h6 4. Bxf6 Qxf6 5. c3 d6 6. Bd3 e5 7. Ne2 Nc6 8. O-O
g5 9. Na3 Bd7 10. Nc2 h5 11. Ne3 Ne7 12. Qb3 O-O-O 13. a4 g4 14. f4 Bh6 15. Nf5
Nxf5 16. exf5 exf4 17. Nxf4 Bxf4 18. Rxf4 Rde8 19. Raf1 Re7 20. Bc4 Rhe8 21. a5
Bc6 22. a6 b6 23. Bd5 Bxd5 24. Qxd5 Qg5 25. Qc4 f6 26. d5 Re1 27. g3 h4 28. Qc6
hxg3 29. Qa8+ Kd7 30. Qc6+ Kc8 31. Qa8+ Kd7 1/2-1/2

[Event "France Jeunes Belfort 2017"]
[Site "Belfort"]
[Date "2017.04.16"]
[Round "3.2"]
[White "Retailleau, Elise"]
[Black "Joly, Audrey"]
[Result "1-0"]
[ECO "B01"]
[WhiteElo "1946"]
[BlackElo "1747"]
[PlyCount "66"]
[EventDate "2017.??.??"]
[TimeControl "6000+580"]
[WhiteClock "0:07:13"]
[BlackClock "0:26:46"]

1. e4 d5 2. exd5 Qxd5 3. d4 c6 4. Nc3 Qa5 5. Bc4 Nf6 6. Bd2 Qc7 7. Nf3 Bf5 8.
O-O e6 9. Re1 Nbd7 10. a3 Nb6 11. Bf1 O-O-O 12. Be3 Nbd5 13. Nxd5 exd5 14. b4
h5 15. h4 Ng4 16. b5 Be4 17. g3 Bd6 18. bxc6 Qxc6 19. a4 a6 20. Ng5 Bg6 21. c4
Rde8 22. cxd5 Qxd5 23. Bg2 Qf5 24. Qb3 Qd7 25. Rac1+ Kd8 26. Bxb7 Nxe3 27. Rc8+
Qxc8 28. Bxc8 Kxc8 29. Rc1+ Nc2 30. Nxf7 Bxf7 31. Rxc2+ Kd7 32. Qxf7+ Re7 33.
Qf5+ Re6 1-0

[Event "France Jeunes Belfort 2017"]
[Site "Belfort"]
[Date "2017.04.16"]
[Round "3.2"]
[White "Saliou, Sarah"]
[Black "Bureau-Leroyer, Lola"]
[Result "1-0"]
[ECO "A20"]
[WhiteElo "1684"]
[BlackElo "1635"]
[PlyCount "87"]
[EventDate "2017.??.??"]
[TimeControl "6000+1670"]
[WhiteClock "0:02:48"]
[BlackClock "0:02:01"]

1. c4 e5 2. g3 Nf6 3. Bg2 d5 4. cxd5 Nxd5 5. Nf3 Nc6 6. O-O Be7 7. d4 exd4 8.
Nxd4 Ndb4 9. Nxc6 Qxd1 10. Rxd1 Nxc6 11. Nc3 Bd7 12. Nb5 O-O-O 13. Bxc6 bxc6
14. Nc3 Bh3 15. Be3 Kb7 16. Rdc1 Bf6 17. Ne4 Bd4 18. Bxd4 Rxd4 19. Nc5+ Kb6 20.
Rc3 Rhd8 21. Nd3 c5 22. Rac1 Bg4 23. Rb3+ Kc6 24. Rxc5+ Kd6 25. Rbc3 Bxe2 26.
Rc6+ Ke7 27. Rxc7+ Ke8 28. Ne1 Kf8 29. Re3 Bc4 30. Rxa7 Rd1 31. Kg2 g6 32. b3
Bd5+ 33. Nf3 g5 34. g4 h5 35. Kg3 Bxf3 36. Kxf3 hxg4+ 37. Kxg4 Rg1+ 38. Kf3 Rd2
39. Ree7 g4+ 40. Ke3 Re1+ 41. Kxd2 Rxe7 42. Rxe7 Kxe7 43. Ke3 Ke6 44. Kf4 1-0

[Event "France Jeunes Belfort 2017"]
[Site "Belfort"]
[Date "2017.04.16"]
[Round "3.2"]
[White "Tahay, Alexis"]
[Black "Lever, Erwan"]
[Result "1-0"]
[ECO "B90"]
[WhiteElo "2239"]
[BlackElo "2129"]
[PlyCount "61"]
[EventDate "2017.??.??"]
[TimeControl "6000+815"]
[WhiteClock "0:32:20"]
[BlackClock "0:21:44"]

1. e4 c5 2. Nf3 d6 3. d4 cxd4 4. Nxd4 Nf6 5. Nc3 a6 6. Nb3 e6 7. g3 b5 8. Bg2
Bb7 9. a3 Nbd7 10. O-O Qc7 11. f4 Be7 12. Qe2 O-O 13. Bd2 Rac8 14. Rae1 Nb6 15.
f5 exf5 16. exf5 Bxg2 17. Qxg2 Nc4 18. g4 Nxd2 19. Nxd2 Rfe8 20. g5 Nd7 21. Nd5
Qc5+ 22. Kh1 Bf8 23. c3 Re5 24. Rxe5 dxe5 25. Rd1 Nb6 26. Nb3 Qc6 27. Na5 Qd7
28. Nf6+ gxf6 29. Rxd7 Nxd7 30. gxf6+ Kh8 31. Qb7 1-0

[Event "France Jeunes Belfort 2017"]
[Site "Belfort"]
[Date "2017.04.16"]
[Round "3.3"]
[White "Bellahcene, Meriem"]
[Black "Le Du, Anaelle"]
[Result "1-0"]
[ECO "B30"]
[WhiteElo "1919"]
[BlackElo "1535"]
[PlyCount "59"]
[EventDate "2017.??.??"]
[TimeControl "6000+950"]
[WhiteClock "0:11:32"]
[BlackClock "0:08:50"]

1. e4 c5 2. Nf3 Nc6 3. Bb5 d6 4. O-O Bd7 5. c3 Nf6 6. Re1 a6 7. Bxc6 Bxc6 8. d3
g6 9. Bg5 Bg7 10. Nbd2 O-O 11. d4 cxd4 12. Nxd4 Rc8 13. h3 Rc7 14. Qe2 Re8 15.
Qe3 b5 16. a4 bxa4 17. Nxc6 Rxc6 18. Rxa4 Nd7 19. Rea1 Nc5 20. R4a2 Qc7 21. Bh6
Bf6 22. Qe2 Rb8 23. Be3 Nb3 24. Nxb3 Rxb3 25. Rxa6 Rxa6 26. Rxa6 Kg7 27. Qd2
Qb7 28. Bh6+ Kg8 29. Qe2 Rxb2 30. Qxb2 1-0

[Event "France Jeunes Belfort 2017"]
[Site "Belfort"]
[Date "2017.04.16"]
[Round "3.3"]
[White "Bouvet, Florian"]
[Black "Baudry, Remi"]
[Result "1/2-1/2"]
[ECO "D02"]
[WhiteElo "2183"]
[BlackElo "1940"]
[PlyCount "84"]
[EventDate "2017.??.??"]
[TimeControl "6000+930"]
[WhiteClock "0:00:49"]
[BlackClock "0:01:41"]

1. Nf3 d5 2. d4 Nf6 3. g3 c5 4. Bg2 Nc6 5. O-O Bg4 6. Ne5 Bf5 7. Nxc6 bxc6 8.
c4 e6 9. Nc3 Rb8 10. e3 Qd7 11. Qe2 Be7 12. Rd1 O-O 13. b3 Rfc8 14. dxc5 Bxc5
15. Na4 Bd6 16. Bb2 Ne4 17. Rac1 Qe7 18. cxd5 cxd5 19. Qa6 Nc5 20. Nxc5 Rxc5
21. Bd4 Rc7 22. Bb2 Rb6 23. Qa4 Rxc1 24. Rxc1 h6 25. Rc8+ Kh7 26. Ra8 Rb7 27.
e4 dxe4 28. Bxe4 Rc7 29. Qd4 f6 30. Qd3 Bxe4 31. Qxe4+ g6 32. Kg2 Bc5 33. Qf4
Kg7 34. Bc1 g5 35. Qf3 Bd4 36. Qd1 Qc5 37. Rd8 e5 38. Be3 Bxe3 39. Rd7+ Rxd7
40. Qxd7+ Kg6 41. Qd3+ f5 42. Qxe3 Qc6+ 1/2-1/2

[Event "France Jeunes Belfort 2017"]
[Site "Belfort"]
[Date "2017.04.16"]
[Round "3.3"]
[White "Chachiachvili, Mariam"]
[Black "Bruneau, Maylis"]
[Result "1/2-1/2"]
[ECO "B30"]
[WhiteElo "1694"]
[BlackElo "1794"]
[PlyCount "87"]
[EventDate "2017.??.??"]
[TimeControl "6000+910"]
[WhiteClock "0:14:54"]
[BlackClock "0:01:21"]

1. e4 c5 2. Nf3 Nc6 3. Nc3 g6 4. Bc4 Bg7 5. d3 Nf6 6. Bg5 O-O 7. Qd2 a6 8. a3
b5 9. Ba2 d6 10. Bh6 Rb8 11. Bxg7 Kxg7 12. Nd5 e6 13. Nxf6 Qxf6 14. c3 a5 15.
Qg5 Qxg5 16. Nxg5 b4 17. axb4 axb4 18. O-O h6 19. Nf3 Bd7 20. Bc4 bxc3 21. bxc3
Rb2 22. Rfb1 Rfb8 23. Rxb2 Rxb2 24. h3 Rc2 25. Ra3 g5 26. Kf1 Kg6 27. Bb5 h5
28. c4 g4 29. hxg4 hxg4 30. Ne1 Rd2 31. Bxc6 Bxc6 32. Ra6 Bb7 33. Rxd6 Bxe4 34.
Rd8 Bf5 35. Rc8 Bxd3+ 36. Nxd3 Rxd3 37. Rxc5 Rc3 38. Rc8 f5 39. Ke2 Rc2+ 40.
Ke3 Kf6 41. g3 Ke5 42. Rc6 Kf6 43. Rc7 Ke5 44. Rc6 1/2-1/2

[Event "France Jeunes Belfort 2017"]
[Site "Belfort"]
[Date "2017.04.16"]
[Round "3.3"]
[White "Defromont, Benjamin"]
[Black "Harutyunyan, Ruben"]
[Result "1-0"]
[ECO "B84"]
[WhiteElo "1946"]
[BlackElo "2218"]
[PlyCount "120"]
[EventDate "2017.??.??"]
[TimeControl "6000+1160"]
[WhiteClock "0:02:44"]
[BlackClock "0:19:38"]

1. e4 c5 2. Nf3 Nf6 3. Nc3 d6 4. d4 cxd4 5. Nxd4 a6 6. Be2 e6 7. O-O Be7 8. Be3
Qc7 9. Bf3 Nc6 10. a4 Bd7 11. Nb3 Ne5 12. Be2 Nc4 13. Bxc4 Qxc4 14. Qd3 Qxd3
15. cxd3 Bc6 16. f3 O-O 17. a5 Rac8 18. Rfc1 Nd7 19. f4 Rfd8 20. Rd1 Nc5 21.
Nxc5 dxc5 22. Kf1 f5 23. exf5 exf5 24. d4 cxd4 25. Bxd4 Kf7 26. Bb6 Rxd1+ 27.
Rxd1 Bf6 28. Kf2 h6 29. g3 g5 30. fxg5 hxg5 31. Rd2 f4 32. Ne2 Rh8 33. Kg1 Be5
34. Bd4 Rd8 35. Bc3 Rxd2 36. Bxd2 f3 37. Nc3 Bd4+ 38. Kf1 g4 39. Nd1 Bb5+ 40.
Ke1 Bd7 41. Be3 Be5 42. Kf2 Ke6 43. Nc3 Bc6 44. Ke1 Bd6 45. Bb6 Bb4 46. Bc7 Kd7
47. Bb6 Kd6 48. Kf2 Bc5+ 49. Bxc5+ Kxc5 50. Nd1 Kb5 51. Ne3 Bd7 52. Nd5 Kxa5
53. Nf6 Be6 54. h4 gxh3 55. Kxf3 Kb4 56. g4 Kb3 57. g5 Kxb2 58. g6 a5 59. Ne4
Bd5 60. g7 h2 1-0

[Event "France Jeunes Belfort 2017"]
[Site "Belfort"]
[Date "2017.04.16"]
[Round "3.3"]
[White "Eugene, Floryan"]
[Black "Callet, Antoine"]
[Result "1-0"]
[ECO "B40"]
[WhiteElo "2271"]
[BlackElo "2068"]
[PlyCount "67"]
[EventDate "2017.??.??"]
[TimeControl "6000+1965"]
[WhiteClock "0:06:47"]
[BlackClock "0:04:23"]

1. e4 c5 2. Nf3 e6 3. g3 Nc6 4. Bg2 d5 5. exd5 exd5 6. d4 Nf6 7. O-O Be7 8.
dxc5 Bxc5 9. Nbd2 O-O 10. Nb3 Be7 11. Bf4 Re8 12. c3 Ne4 13. Nfd4 Bf6 14. Re1
g5 15. Nxc6 bxc6 16. Be3 Bf5 17. Bd4 Bg6 18. Qf3 Re6 19. Rad1 Bxd4 20. Nxd4 Rf6
21. Qe3 Nxf2 22. Rd2 Ne4 23. Bxe4 Bxe4 24. Qxg5+ Rg6 25. Qxd8+ Rxd8 26. Nxc6
Rxc6 27. Rxe4 dxe4 28. Rxd8+ Kg7 29. Kf2 Rh6 30. h4 Rf6+ 31. Ke3 Rf3+ 32. Kxe4
Rxg3 33. Kf4 Rg2 34. Rb8 1-0

[Event "France Jeunes Belfort 2017"]
[Site "Belfort"]
[Date "2017.04.16"]
[Round "3.3"]
[White "Gospodaru, Teodora"]
[Black "Chemla, Anouk"]
[Result "1/2-1/2"]
[ECO "E83"]
[WhiteElo "1827"]
[BlackElo "1557"]
[PlyCount "95"]
[EventDate "2017.??.??"]
[TimeControl "6000+1125"]
[WhiteClock "0:12:10"]
[BlackClock "0:29:53"]

1. d4 Nf6 2. c4 g6 3. f3 Bg7 4. e4 d6 5. Nc3 O-O 6. Be3 Nc6 7. Qd2 e5 8. d5 Ne7
9. Bd3 Nd7 10. g4 Nc5 11. Bc2 a5 12. Nge2 f5 13. gxf5 gxf5 14. Bh6 Ng6 15.
O-O-O f4 16. Bxg7 Kxg7 17. Qe1 Qh4 18. h3 Qxe1 19. Rdxe1 Nh4 20. Ref1 Kf6 21.
Nb5 Rf7 22. Rf2 Rg7 23. Rg1 Rxg1+ 24. Nxg1 Na6 25. Kd2 Bd7 26. Ke1 Rg8 27. Kf1
Rg3 28. a3 Bxh3+ 29. Nxh3 Rxh3 30. Ke2 h5 31. c5 Ke7 32. cxd6+ cxd6 33. Na7 Kd8
34. Bd3 Nc7 35. b4 axb4 36. axb4 Rh1 37. b5 Ra1 38. b6 Na8 39. Nb5 Kd7 40. Nc3
Rh1 41. Na4 Rg1 42. Bb5+ Kd8 43. Rh2 Rg2+ 44. Rxg2 Nxg2 45. Kf2 Nh4 46. Be2 Ng6
47. Kg1 Ne7 48. Bf1 1/2-1/2

[Event "France Jeunes Belfort 2017"]
[Site "Belfort"]
[Date "2017.04.16"]
[Round "3.3"]
[White "Marcellier, Lucie"]
[Black "Kuhn, Mathilde"]
[Result "1-0"]
[ECO "A48"]
[WhiteElo "1557"]
[BlackElo "1313"]
[PlyCount "153"]
[EventDate "2017.??.??"]
[TimeControl "6000+730"]
[WhiteClock "0:09:07"]
[BlackClock "0:04:10"]

1. d4 Nf6 2. Nf3 g6 3. Bf4 Bg7 4. e3 d6 5. h3 O-O 6. Be2 Nbd7 7. O-O Qe8 8. c4
e5 9. Bh2 Qe7 10. Nc3 c6 11. b4 Ne8 12. Qb3 e4 13. Nd2 f5 14. c5+ d5 15. b5 Qf6
16. Rfc1 Bh6 17. a4 a5 18. Bf1 Kh8 19. Ne2 g5 20. f4 g4 21. hxg4 fxg4 22. Qc3
Ng7 23. Nb3 Qd8 24. b6 Nf5 25. Ra3 Rg8 26. g3 Qe8 27. Nxa5 Qh5 28. Rc2 Nxe3 29.
Qxe3 Rxa5 30. Qc3 Ra8 31. a5 Rg6 32. Qb2 Nb8 33. Nc3 Na6 34. Na2 Rg7 35. Nb4
Nxb4 36. Qxb4 Re7 37. Re2 Bg7 38. Ree3 Qh6 39. Ra4 Qf6 40. Kg2 Kg8 41. Bg1 h5
42. Bf2 Kh7 43. Rb3 Qf7 44. Be3 Bf6 45. Be2 Kg7 46. Rb1 Kh7 47. Rh1 Kg7 48.
Raa1 Kg6 49. Rh2 Qh7 50. Rah1 Rd7 51. Bxg4 hxg4 52. Rxh7 Rxh7 53. Rxh7 Kxh7 54.
Kf2 Bf5 55. Ke2 Kg6 56. Kd2 Kg7 57. Kc3 Kg6 58. Kb3 Kg7 59. Ka4 Kg6 60. Qe1 Kg7
61. Qh1 Kg6 62. Qh2 Rh8 63. Qxh8 Bxh8 64. a6 bxa6 65. b7 a5 66. b8=Q Bf6 67.
Kxa5 Bd7 68. Qc7 Be8 69. f5+ Kxf5 70. Qf4+ Ke6 71. Qxg4+ Kf7 72. Qf5 Kg7 73. g4
Bg6 74. Qd7+ Bf7 75. Qxc6 Bd8+ 76. Kb4 Kh7 77. Qd7 1-0